 Dungeon Crawl Stone Soup version 0.23.1 (webtiles) character file.

Game seed: 5905958156497694558

269 Borgoz the Sneak (level 6, -9/50 HPs)
             Began as a Ghoul Enchanter on Mar 3, 2019.
             Mangled by an ogre
             ... wielding a cursed +0 giant club
              (22 damage)
             ... on level 4 of the Dungeon.
             The game lasted 00:06:53 (3581 turns).

Borgoz the Sneak (Ghoul Enchanter)                  Turns: 3581, Time: 00:06:54

Health: -9/50      AC:  2    Str: 12    XL:     6   Next: 22%
Magic:  8/8        EV: 15    Int: 10    God:
Gold:   99         SH:  0    Dex: 11    Spells: 8/9 levels left

rFire    . . .     SeeInvis .   n - +0 dagger (venom)
rCold    + . .     Gourm    .   (no shield)
rNeg     + + +     Faith    .   b - +0 robe
rPois    ∞         Spirit   .   (no helmet)
rElec    .         Reflect  .   (no cloak)
rCorr    .         Harm     .   (no gloves)
MR       .....                  (no boots)
Stlth    ++........             (no amulet)
HPRegen  0.00/turn              (no ring)
MPRegen  0.11/turn              s - +2 ring of evasion

@: rotting
A: rotting body, claws 1, carnivore, cold resistance 1, negative energy
resistance 3, inhibited regeneration, torment resistance, unbreathing
a: no special abilities


You were on level 4 of the Dungeon.
You were not hungry.

You visited 1 branch of the dungeon, and saw 4 of its levels.

You collected 99 gold pieces.

Inventory:

Hand Weapons
 n - a +0 dagger of venom (weapon)
 w - a +1 dagger of draining
Armour
 b - a +0 robe (worn)
 h - a +2 robe of magic resistance
Jewellery
 o - an uncursed amulet of magic regeneration
 s - a +2 ring of evasion (right claw)
Wands
 q - a wand of flame (21)
 r - a wand of scattershot (7)
Scrolls
 g - 2 scrolls of identify {unknown}
 i - a scroll of teleportation
 l - a scroll of fog
 p - a scroll of magic mapping {unknown}
 t - a scroll of enchant weapon {unknown}
 v - a scroll of enchant armour {unknown}
Potions
 a - a potion of ambrosia {unknown}
 c - a potion of brilliance {unknown}
 e - 2 potions of flight {unknown}
 f - a potion of curing {unknown}
 j - a potion of berserk rage {unknown}
 m - a potion of invisibility {unknown}
Comestibles
 d - a ration
 k - a chunk of flesh


   Skills:
 * Level 2.5 Fighting
 * Level 2.4 Short Blades
 * Level 2.1 Armour
 * Level 2.8 Dodging
 + Level 3.8 Stealth
 + Level 2.3 Spellcasting
 + Level 2.8 Hexes


You had 8 spell levels left.
You knew the following spells:

 Your Spells              Type           Power        Failure   Level  Hunger
a - Corona                Hex            #......      10%         1    ##.....

Your spell library contained the following spells:

 Spells                   Type           Power        Failure   Level  Hunger
 Ensorcelled Hibernation  Hex/Ice        #.....       26%         2    ###....
 Confuse                  Hex            #.......     28%         3    ####...
 Tukima's Dance           Hex            #.......     28%         3    ####...
 Dazzling Spray           Conj/Hex       #.....       45%         3    ####...


Dungeon Overview and Level Annotations

Branches:
Dungeon (4/15)
 Temple: D:4-7

Altars:
Dithmenos
Makhleb
Nemelex Xobeh
Vehumet
Zin


Innate Abilities, Weirdness & Mutations

Your body is rotting away.
You thrive on raw meat.
You are immune to poison.
You have sharp fingernails.
You are carnivorous and can eat meat at any time.
Your flesh is cold resistant. (rC+)
You are immune to negative energy. (rN+++)
You do not regenerate when monsters are visible.
You are immune to unholy pain and torment.
You can survive without breathing.


Message History

The ogre closely misses you.
Found a stone staircase leading down.
A leopard gecko comes into view.
An adder comes into view.
The adder hisses angrily.
You hit the ogre but do no damage.
The ogre is moderately wounded.
The ogre misses you. The ogre misses you.
The ogre looks more healthy.
The ogre closely misses you.
Eat one of 2 chunks of flesh? (ye/n/q)
You eat one of the 2 chunks of flesh.
This raw flesh tastes great!
You hit the ogre.
The ogre is poisoned.
The ogre is heavily wounded.
The ogre barely misses you.
You completely miss the ogre.
The ogre is heavily wounded.
The ogre hits you with a cursed +0 giant club!!
You die...

#...# ###.# #.### #....
####. ######## #####.
#......# #...#.
#....[.###############...#.
#.......SO@...).......<....
#.......##############...#.
#.......# #...#. #.......#
#...#. #......S# #...#.
#######.# #...#. #........#
#####. #........# .
#........#


You could see an ogre and an adder.

Vanquished Creatures
  An ogre (D:4)
  A howler monkey (D:4)
  Jessica (D:2)
  3 adders (D:2)
  6 worms
  4 dart slugs
  2 leopard geckos
  2 orcs
  2 giant cockroaches (D:2)
  11 goblins
  5 hobgoblins
  2 jackals (D:4)
  2 quokkas (D:2)
  2 bats (D:1)
  5 frilled lizards
  9 kobolds
  14 rats
72 creatures vanquished.

Notes
Turn   | Place    | Note
-------+----------+-------------------------------------------
     0 | D:1      | Borgoz the Ghoul Enchanter began the quest for the Orb.
     0 | D:1      | Reached XP level 1. HP: 14/14 MP: 2/2
    40 | D:1      | Reached skill level 1 in Short Blades
   101 | D:1      | Reached XP level 2. HP: 21/22 MP: 3/3
   207 | D:1      | HP: 1/22 [dart slug/slug dart (6)]
   774 | D:2      | Reached skill level 1 in Fighting
   779 | D:2      | Reached XP level 3. HP: 25/28 MP: 4/4
   795 | D:2      | Reached skill level 1 in Armour
   860 | D:2      | Noticed Jessica
   893 | D:2      | Killed Jessica
  1083 | D:2      | Reached XP level 4. HP: 35/35 MP: 4/6
  1498 | D:2      | Found a radiant altar of Vehumet.
  2222 | D:3      | Reached XP level 5. HP: 41/41 MP: 7/7
  3037 | D:3      | Found a glowing silver altar of Zin.
  3037 | D:3      | Found a burning altar of Makhleb.
  3038 | D:3      | Noticed a cacodemon
  3038 | D:3      | Noticed an angel
  3305 | D:3      | Found a sparkling altar of Nemelex Xobeh.
  3305 | D:3      | Found a shadowy altar of Dithmenos.
  3537 | D:4      | Noticed an ogre
  3541 | D:4      | Noticed an ogre
  3555 | D:4      | Killed an ogre
  3555 | D:4      | Reached XP level 6. HP: 19/50 MP: 8/8
  3558 | D:4      | HP: 1/50 [ogre/cursed +0 giant club (21)]
  3581 | D:4      | Mangled by an ogre

Skill      XL: |  1  2  3  4  5 |
---------------+----------------+-----
Short Blades   | 1 2 |  2.4
Dodging        | 2 |  2.8
Fighting       | 1 2 |  2.5
Armour         | 1 2 |  2.1
Spellcasting   | 2 |  2.3
Stealth        | |  3.8
Hexes          | |  2.8

Action                   |  1- 3 |  4- 6 || total
-------------------------+-------+-------++-------
Melee: Dagger            |   126 |   166 ||   292
 Cast: Corona            |     3 |       ||     3
  Use: Scroll            |       |     4 ||     4
 Stab: Sleeping          |     3 |     1 ||     4
       Distracted        |     1 |       ||     1
  Eat: Chunk             |    13 |    12 ||    25
Armor: Robe              |    19 |    11 ||    30
Dodge: Dodged            |    90 |    72 ||   162
